 Dungeon Crawl Stone Soup version 0.29.1-1-gd02db6906a (webtiles) character file.

Game seed: 10881555737335754583

295 sleeves the Slasher (level 6, -2/37 HPs)
             Began as a Tengu Berserker on Sept 26, 2022.
             Was a Believer of Trog.
             Slain by Grinder (5 damage)
             ... on level 3 of the Dungeon.
             The game lasted 00:08:48 (3354 turns).

sleeves the Slasher (Tengu Berserker)               Turns: 3354, Time: 00:08:49

Health: -2/37      AC: 10    Str: 18    XL:     6   Next: 34%
Magic:  7/7        EV: 12    Int:  7    God:    Trog [**....]
Gold:   183        SH:  0    Dex: 15    Spells: 5/5 levels left

rFire   . . .      SeeInvis .   m - +0 long sword
rCold   + . .      Faith    .   (no shield)
rNeg    . . .      Spirit   .   r - +3 scale mail {rC+}
rPois   .          Reflect  .   (helmet restricted)
rElec   .          Harm     .   p - +0 cloak
rCorr   .          Rampage  .   (no gloves)
Will    +++..                   (boots unavailable)
Stlth   ..........              (no amulet)
HPRegen 1.12/turn               l - ring of willpower
MPRegen 0.10/turn               (no ring)

@: mighty, strong-willed, on berserk cooldown, flying quickly and evasively,
regenerating, slowed, very slow
A: beak, talons 3, nimble flight
a: Renounce Religion, Berserk, Trog's Hand


You were on level 3 of the Dungeon.
You worshipped Trog.
Trog was pleased with you.
You visited 1 branch of the dungeon, and saw 4 of its levels.

You collected 183 gold pieces.

Inventory:

Hand Weapons
 a - a +0 falchion
 m - a +0 long sword (weapon)
   (You found it on level 2 of the Dungeon)
 t - a +0 sling
   (You found it on level 3 of the Dungeon)
Missiles
 u - 5 poisoned darts (quivered)
Armour
 p - a +0 cloak (worn)
   (You took it off Crazy Yiuf on level 2 of the Dungeon)
 r - a +3 scale mail of cold resistance (worn)
   (You took it off Ijyb on level 3 of the Dungeon)
Jewellery
 l - a ring of willpower (left hand)
   (You found it on level 2 of the Dungeon)
Wands
 q - a wand of flame (12)
   (You took it off Ijyb on level 3 of the Dungeon)
 s - a wand of iceblast (15)
   (You found it on level 3 of the Dungeon)
Scrolls
 b - a scroll of magic mapping {unknown}
 c - 2 scrolls of teleportation {unknown}
 f - 2 scrolls of amnesia {unknown}
 g - a scroll of blinking {unknown}
 i - 5 scrolls of identify {unknown}
 n - 2 scrolls of enchant armour {unknown}
Potions
 d - a potion of brilliance {unknown}
 e - 6 potions of curing {unknown}
 h - 2 potions of might
 j - a potion of degeneration {unknown}
 k - 4 potions of lignification {unknown}
 o - a potion of attraction {unknown}


   Skills:
 + Level 3.2 Fighting
 + Level 7.2 Long Blades
 + Level 2.6 Armour
 + Level 2.5 Dodging


You had 5 spell levels left.
You didn't know any spells.
Your spell library was empty.

Dungeon Overview and Level Annotations

Branches:
Dungeon (4/15)
 Temple: D:4-7

Altars:
Elyvilon
The Shining One

Annotations:
D:3 Grinder


Innate Abilities, Weirdness & Mutations

You have a beak for a mouth.
You have claws for feet.
Your magical nature lets you fly swiftly and evasively.


Message History

You closely miss the ball python. Your kick misses the ball python.
The ball python bites you but does no damage.
The ball python grabs you. The ball python constricts you.
You barely miss the ball python. Your kick misses the ball python.
You peck the ball python.
The ball python is heavily wounded.
The ball python bites you. The ball python constricts you.
You completely miss the ball python. You claw the ball python.
You kill the ball python!
Trog accepts your kill.
No target in view!
You start resting.
HP restored.
Unknown command.
You see here a bat corpse.
Found a whip.
k - 2 viscous black potions (gained 1)
Found a stone staircase leading down.
i - 2 scrolls labelled LAOFED LARU (gained 1)
A ball python comes into view.
Found a scroll labelled LAOFED LARU.
The ball python hisses angrily.
There is a stone staircase leading down here.
You barely miss the ball python. You claw the ball python.
You kill the ball python!
Trog accepts your kill.
No target in view!
You see here a ball python corpse.
i - 3 scrolls labelled LAOFED LARU (gained 1)
e - 3 silvery potions (gained 1)
i - 4 scrolls labelled LAOFED LARU (gained 1)
You now have 112 gold pieces (gained 15).
An endoplasm comes into view.
The endoplasm quivers.
An endoplasm is nearby!
An endoplasm is nearby!
You hit the endoplasm. Your kick misses the endoplasm.
The endoplasm is almost dead.
The endoplasm freezes you.
You are frozen.
You slash the endoplasm!
You kill the endoplasm!
Trog accepts your kill.
No target in view!
A gnoll comes into view. It is wielding a +0 spear.
The gnoll shouts!
You hear a shout! x2
The gnoll moves out of view.
A gnoll comes into view. It is wielding a +0 spear.
The gnoll moves out of view.
You see here a +0 whip.
A gnoll is nearby!
A gnoll is nearby!
You see here a bat skeleton.
There is a stone staircase leading up here.
You climb upwards.
There is a stone staircase leading down here.
There is a stone staircase leading down here.
You climb downwards.
There is a stone staircase leading up here.
Things that are here:
a +0 dagger; a kobold skeleton
Found 10 gold pieces.
A giant cockroach comes into view.
The giant cockroach moves out of view.
Found a scroll labelled OXUETRA DISO.
A hobgoblin comes into view.
The hobgoblin shouts!
Found a stone staircase leading down.
You see here 10 gold pieces.
You see here a scroll labelled OXUETRA DISO.
n - a scroll labelled OXUETRA DISO The giant cockroach bites you.
The giant cockroach attacks as you move away!
The giant cockroach bites you but does no damage.
You hit the giant cockroach.
You kill the giant cockroach!
Trog accepts your kill.
You barely miss the hobgoblin. Your peck misses the hobgoblin.
The hobgoblin hits you but does no damage.
You hit the hobgoblin. You claw the hobgoblin.
You kill the hobgoblin!
Trog accepts your kill.
You see here a hobgoblin corpse.
Terence the Incautious comes into view.
He is wielding a +0 mace.
Terence shouts!
There is a stone staircase leading down here.
A red film seems to cover your vision as you go berserk!
You feel yourself moving faster!
You feel mighty! Terence hits you with a +0 mace.
You closely miss Terence. You claw Terence, but do no damage.
Terence closely misses you.
You hit Terence but do no damage. Terence hits you with a +0 mace.
You hit Terence.
Terence is moderately wounded.
You closely miss Terence. Your peck misses Terence.
Terence is moderately wounded.
Terence hits you with a +0 mace.
You hit Terence. Your kick misses Terence.
Terence is moderately wounded.
Terence barely misses you.
You slash Terence!
You kill Terence!
Trog accepts your kill.
Your Long Blades skill increases to level 5!
You have reached level 4!
You feel stronger.
o - a pink potion
Things that are here:
a +0 mace; a +0 scale mail You start resting.
You feel a strong urge to attack something.
You start resting.
You are no longer berserk.
You are exhausted.
You feel yourself slow down.
Things that are here:
a +0 mace; a +0 scale mail You start resting.
You feel yourself speed up.
p - a +0 scale mail You start resting.
You recover from your berserk rage.
There is a stone staircase leading down, spattered with blood here.
You start resting.
HP restored.
You swing at nothing.
Unknown command.
You climb downwards.
There is a stone staircase leading up here.
You barely miss the giant cockroach. Your peck misses the giant cockroach.
The giant cockroach completely misses you.
The giant cockroach bites you.
You hit the giant cockroach. You claw the giant cockroach.
You kill the giant cockroach!
Trog accepts your kill.
No target in view!
HP restored.
f - 2 scrolls labelled UHE ZETOTRUOS (gained 1)
An orc comes into view.
It is wielding a +1 flail of holy wrath.
The orc shouts!
You hear a shout!
An orc is nearby!
An orc is nearby!
You barely miss the orc. The orc barely misses you.
You slash the orc!
You kill the orc!
Trog accepts your kill.
You can now call upon Trog for regeneration and willpower.
Things that are here:
a +1 flail of holy wrath; a +0 chain mail
Found a stone staircase leading up.
There is a stone staircase leading up here.
n - 2 scrolls labelled OXUETRA DISO (gained 1)
Found a stone staircase leading down.
There is a stone staircase leading down here.
h - 2 potions of might (gained 1)
An endoplasm comes into view.
The endoplasm quivers.
You slash the endoplasm!
You kill the endoplasm!
Trog accepts your kill.
No target in view!
No target in view!
You start removing your armour.
You continue taking off your +0 ring mail. x4
You finish taking off your +0 ring mail.
You start putting on your armour.
You continue putting on your +0 scale mail. x5
You finish putting on your +0 scale mail.
A bat comes into view.
A bat is nearby!
A bat is nearby!
The bat barely misses you. The bat barely misses you.
The bat hits you but does no damage.
You hit the bat.
You kill the bat!
Trog accepts your kill.
No target in view!
Found a stone staircase leading down.
There is a stone staircase leading down here.
Found a stone staircase leading up.
Ijyb the Twisted Goblin comes into view.
She is wielding a +0 club, wearing a +3 scale mail of cold resistance and carrying a wand of flame (13).
Ijyb shouts!
Unknown command.
A red film seems to cover your vision as you go berserk!
You feel yourself moving faster!
You feel mighty!
You hit Ijyb but do no damage. Ijyb hits you with a +0 club.
You barely miss Ijyb.
Ijyb zaps a wand.
The puff of flame hits you!
You hit Ijyb but do no damage. You peck Ijyb, but do no damage.
Ijyb hits you with a +0 club.
You hit Ijyb.
Ijyb is moderately wounded.
Ijyb misses you.
You hit Ijyb. You peck Ijyb!
Ijyb is severely wounded.
You closely miss Ijyb.
Ijyb is severely wounded.
Ijyb barely misses you.
You barely miss Ijyb. You peck Ijyb.
You kill Ijyb!
Trog accepts your kill.
No target in view!
No target in view!
No target in view!
No target in view!
No target in view!
No target in view!
You start resting.
You feel a strong urge to attack something.
You start resting.
You feel your anger nearly subside.
You are no longer berserk.
You are exhausted.
You feel yourself slow down.
You start resting.
You feel yourself speed up.
q - a wand of flame (12)
Things that are here:
a +0 club; a +3 scale mail of cold resistance; the goblin corpse of Ijyb
r - a +3 scale mail of cold resistance You start removing your armour.
You continue taking off your +0 scale mail. x4
You finish taking off your +0 scale mail.
You start putting on your armour.
You continue putting on your +3 scale mail of cold resistance. x4
You recover from your berserk rage.
You continue putting on your +3 scale mail of cold resistance.
You finish putting on your +3 scale mail of cold resistance.
You feel resistant to cold.
You drop a +0 ring mail.
You drop a +0 scale mail.
Unknown command.
HP restored.
e - 4 silvery potions (gained 1)
A frilled lizard comes into view.
The frilled lizard hisses angrily.
An adder comes into view.
You slash the adder!
You kill the adder!
Trog accepts your kill.
You miss the frilled lizard.
The frilled lizard bites you but does no damage.
You closely miss the frilled lizard. You claw the frilled lizard.
You kill the frilled lizard!
Trog accepts your kill.
No target in view!
No target in view!
Unknown command.
There is a stone staircase leading up here.
You climb upwards.
There is a stone staircase leading down here.
There is a stone staircase leading up here.
You now have 121 gold pieces (gained 9).
You now have 131 gold pieces (gained 10).
Found two hammers.
An adder comes into view.
The adder hisses angrily.
An adder is nearby!
A kobold comes into view. It is wielding a +0 club.
The kobold shouts!
You barely miss the adder. Your kick misses the adder. The adder bites you.
You are poisoned.
The adder poisons you!
You miss the adder. You claw the adder.
The adder is heavily wounded.
You feel sick. The adder bites you but does no damage.
You hit the adder. Your kick misses the adder.
The adder is almost dead.
You feel sick. The adder bites you. The adder closely misses you.
You hit the adder.
You kill the adder!
Trog accepts your kill.
You feel sick.
Your Long Blades skill increases to level 6!
You completely miss the kobold. Your kick misses the kobold.
Your peck misses the kobold.
You feel sick.
You are no longer poisoned.
The kobold hits you with a +0 club. The kobold hits you but does no damage.
You are too injured to fight recklessly!
You are too injured to fight recklessly!
You closely miss the kobold. You claw the kobold. Your peck misses the kobold.
The kobold is heavily wounded.
A goblin comes into view. It is wielding a +0 dagger.
The kobold hits you with a +0 club.
The goblin shouts!
You hit the kobold.
You kill the kobold!
Trog accepts your kill.
A goblin is nearby!
You swing at nothing.
You swing at nothing.
You swing at nothing.
You swing at nothing.
You swing at nothing.
You closely miss the goblin. Your peck misses the goblin.
The goblin hits you but does no damage.
You slash the goblin!
You kill the goblin!
Trog accepts your kill.
You swing at nothing.
You start resting.
HP restored.
You see here a +0 dagger.
Found a hammer.
Found a runed translucent door.
Crazy Yiuf shouts!
Press: ? - help, v - describe, . - travel
Here: Crazy Yiuf, wielding a +2 quarterstaff of chaos and wearing a +0 cloak (fire blocked by a runed translucent door)
The floor.
You see here a +0 hammer.
d - a fizzy cyan potion
Things that are here:
a +0 club; a kobold corpse A ball python comes into view.
Found 2 silvery potions.
The ball python hisses angrily.
A ball python is nearby!
You closely miss the ball python. The ball python bites you.
The ball python misses you.
You hit the ball python. You claw the ball python.
You kill the ball python!
Trog accepts your kill.
No target in view!
No target in view!
e - 6 silvery potions (gained 2)
Found a leather armour.
An adder comes into view.
An adder is nearby!
You closely miss the adder. You claw the adder.
The adder is heavily wounded.
The adder bites you but does no damage. The adder closely misses you.
You barely miss the adder. You peck the adder, but do no damage.
The adder is heavily wounded.
The adder barely misses you.
You closely miss the adder. You claw the adder. Your peck misses the adder.
The adder is almost dead.
The adder barely misses you. The adder bites you.
You are poisoned.
The adder poisons you!
You barely miss the adder.
The adder is almost dead.
You feel sick. The adder bites you but does no damage.
You miss the adder. Your kick misses the adder.
The adder is almost dead.
You feel sick. The adder bites you but does no damage.
You closely miss the adder. You claw the adder.
You kill the adder!
Trog accepts your kill.
You feel sick.
You have reached level 5!
Your magical nature develops, letting you fly swiftly and evasively.
You start resting.
You feel sick. x3
You are no longer poisoned.
Unknown command.
HP restored.
You see here a +0 leather armour.
Found a robe.
Found 2 stones.
Found a chain mail.
A hobgoblin comes into view.
The hobgoblin shouts!
You see here 15 gold pieces.
You slash the hobgoblin!
You kill the hobgoblin!
Trog accepts your kill.
No target in view!
You now have 146 gold pieces (gained 15).
A giant cockroach comes into view.
The giant cockroach moves out of view.
Found 3 stones.
A giant cockroach is nearby!
You hit the giant cockroach.
You kill the giant cockroach!
Trog accepts your kill.
No target in view!
No target in view!
You now have 158 gold pieces (gained 12).
c - 2 scrolls labelled YNESORETI DURO (gained 1)
Found a ring mail.
You see here a +0 ring mail.
You see here a +0 mace.
There is a stone staircase leading down, spattered with blood here.
The adder hisses angrily.
An adder is nearby!
You hit the adder. Your kick misses the adder.
The adder is lightly wounded.
The adder closely misses you.
You slash the adder!
You kill the adder!
Trog accepts your kill.
No target in view!
No target in view!
A rat comes into view.
A rat is nearby!
A rat is nearby!
A rat is nearby!
You hit the rat.
The rat is moderately wounded.
The rat bites you but does no damage.
You hit the rat.
You kill the rat!
Trog accepts your kill.
You see here a +0 robe.
Key pressed, stopping explore.
You see here a +0 club.
You see here a +0 hammer.
Crazy Yiuf shouts!
Crazy Yiuf screams, "Hack meccalolo canine!"
Could not explore, unopened runed door.
Could not explore, unopened runed door.
You reach down and open the door.
A red film seems to cover your vision as you go berserk!
You feel yourself moving faster!
You feel mighty!
Crazy Yiuf laughs, "Lay!
Papa chair bag."
You barely miss Crazy Yiuf. Your peck misses Crazy Yiuf.
Crazy Yiuf hits you with a +2 quarterstaff of chaos!
You slash Crazy Yiuf! You peck Crazy Yiuf!
You kill Crazy Yiuf!
Trog accepts your kill.
No target in view!
No target in view!
No target in view!
No target in view!
No target in view!
No target in view!
No target in view!
No target in view!
No target in view!
No target in view!
p - a +0 cloak
There is an open translucent door, spattered with blood here.
Things that are here:
a +2 quarterstaff of chaos; the gnoll corpse of Crazy Yiuf You start resting.
You feel a strong urge to attack something.
You start resting.
You feel your anger nearly subside.
You are no longer berserk.
You are exhausted.
You feel yourself slow down.
There is an open translucent door, spattered with blood here.
Things that are here:
a +2 quarterstaff of chaos; the gnoll corpse of Crazy Yiuf You start putting on your armour.
You continue putting on your +0 cloak. x4
You finish putting on your +0 cloak.
Unknown command.
(D) Dungeon
Where to? (Enter - D:3 @ (x,y), ? - help)
You feel yourself speed up.
You see here a +0 dagger.
You recover from your berserk rage.
You see here an adder corpse.
There is a stone staircase leading down, spattered with blood here.
You fly downwards.
There is a stone staircase leading up here.
Unknown command.
A kobold comes into view. It is wielding a +0 short sword.
A kobold is nearby!
A kobold is nearby!
The kobold shouts!
The kobold closely misses you.
You barely miss the kobold. Your kick misses the kobold.
The kobold barely misses you.
You hit the kobold. You claw the kobold.
You kill the kobold!
Trog accepts your kill.
No target in view!
No target in view!
A kobold comes into view. It is wielding a +0 short sword.
The kobold shouts!
A kobold is nearby!
A kobold is nearby!
A jackal comes into view.
You closely miss the kobold.
The jackal barks!
Your kick misses the kobold. You peck the kobold.
You kill the kobold!
Trog accepts your kill.
A jackal comes into view.
The jackal barks!
You see here a +0 short sword.
You barely miss the jackal. Your kick misses the jackal.
Your peck misses the jackal. The jackal closely misses you.
The jackal bites you but does no damage.
You hit the jackal.
You kill the jackal!
Trog accepts your kill. The jackal barely misses you.
You hit the jackal but do no damage. Your kick misses the jackal.
The jackal bites you but does no damage.
The jackal closely misses you.
A jackal comes into view.
The jackal barks!
You hit the jackal.
You kill the jackal!
Trog accepts your kill.
A jackal comes into view.
The jackal barks!
You barely miss the jackal. You claw the jackal.
The jackal is heavily wounded.
The jackal barely misses you.
You hit the jackal but do no damage. You claw the jackal, but do no damage.
The jackal is heavily wounded.
The jackal bites you but does no damage.
The jackal barely misses you.
You hit the jackal.
You kill the jackal!
Trog accepts your kill. The jackal closely misses you. The jackal bites you.
You hit the jackal. Your peck misses the jackal.
The jackal is lightly wounded.
The jackal bites you but does no damage.
You closely miss the jackal. You claw the jackal.
The jackal is heavily wounded.
The jackal bites you. The jackal closely misses you.
You hit the jackal but do no damage.
The jackal is heavily wounded.
The jackal closely misses you.
You hit the jackal.
You kill the jackal!
Trog accepts your kill.
No target in view!
No target in view!
An orc comes into view. It is wielding a +0 short sword.
An orc is nearby!
An orc is nearby!
The orc shouts!
You completely miss the orc. The orc misses you.
You hit the orc. You claw the orc.
You kill the orc!
Trog accepts your kill.
An orc comes into view. It is wielding a +0 hand axe.
The orc shouts!
A rat comes into view.
You hit the orc but do no damage. The orc hits you but does no damage.
You hit the orc but do no damage. You claw the orc. You peck the orc.
The orc is moderately wounded.
The orc misses you.
You barely miss the orc. You claw the orc.
The orc is almost dead.
The orc hits you with a +0 hand axe.
You hit the orc.
You kill the orc!
Trog accepts your kill.
You barely miss the rat. Your kick misses the rat. The rat barely misses you.
You closely miss the rat. You claw the rat.
You kill the rat!
Trog accepts your kill.
No target in view!
HP restored.
Things that are here:
a +0 hand axe; a +0 ring mail; an orc corpse
Found a stone staircase leading down.
A ball python comes into view.
The ball python hisses angrily.
A ball python is nearby!
Found 4 stones.
The ball python closely misses you. The ball python grabs you.
The ball python constricts you.
You hit the ball python.
You kill the ball python!
Trog accepts your kill.
No target in view!
No target in view!
i - 5 scrolls labelled LAOFED LARU (gained 1)
A frilled lizard and a hobgoblin come into view.
Found 2 viscous black potions, a spear and a whip.
The frilled lizard hisses angrily.
There are monsters nearby!
There are monsters nearby!
A worm comes into view.
You miss the frilled lizard. You peck the frilled lizard.
You kill the frilled lizard!
Trog accepts your kill.
A kobold comes into view. It is wielding a +0 dagger.
The kobold shouts!
You hit the hobgoblin.
The hobgoblin is lightly wounded.
The hobgoblin misses you.
You hit the hobgoblin.
You kill the hobgoblin!
Trog accepts your kill.
A hobgoblin comes into view.
The kobold throws a stone.
The stone hits you but does no damage.
The kobold drinks a potion.
The kobold seems to grow stronger.
The worm closely misses you.
You barely miss the kobold. You claw the kobold, but do no damage.
You peck the kobold.
The kobold is severely wounded.
The kobold hits you but does no damage.
You barely miss the kobold. You claw the kobold.
The kobold is severely wounded.
The kobold closely misses you. The kobold barely misses you.
You barely miss the kobold.
The kobold is severely wounded.
The kobold hits you but does no damage.
You hit the kobold.
You kill the kobold!
Trog accepts your kill.
You barely miss the worm. You claw the worm! Your peck misses the worm.
The worm is heavily wounded.
The worm closely misses you.
You hit the worm.
The worm is severely wounded.
You hit the worm but do no damage. You claw the worm, but do no damage.
Your peck misses the worm.
The worm is severely wounded.
The worm bites you.
You slash the worm!
You kill the worm!
Trog accepts your kill.
You barely miss the hobgoblin.
You claw the hobgoblin, but do no damage.
You peck the hobgoblin.
The hobgoblin is almost dead.
The hobgoblin hits you but does no damage.
You hit the hobgoblin.
You kill the hobgoblin!
Trog accepts your kill.
No target in view!
h - 3 potions of might (gained 1)
Things that are here:
a +0 dagger; 4 stones; a kobold corpse
k - 4 viscous black potions (gained 2)
You reach down and open the door.
An orc priest comes into view. It is wielding a +0 hand axe.
The orc priest shouts!
An orc comes into view. It is wielding a +0 short sword.
An orc priest comes into view. It is wielding a +0 club.
Found a robe.
Unknown command.
Unknown command.
Unknown command.
You start waiting.
An orc priest is nearby!
The orc priest looks satisfied for a moment.
You slash the orc priest! You claw the orc priest. You peck the orc priest.
You kill the orc priest!
Trog accepts your kill.
Your Long Blades skill increases to level 7!
You swing at nothing.
You swing at nothing.
You swing at nothing.
You swing at nothing.
You swing at nothing.
Unknown command.
Things that are here:
a +0 hand axe; a +0 leather armour The orc priest shouts!
You hear a shout!
The orc priest invokes the aid of Beogh against you.
Pain shoots through your body!
An adder comes into view.
You start resting.
An orc priest is nearby!
You hit the orc priest but do no damage.
The orc priest hits you with a +0 club.
You hit the orc priest but do no damage.
The orc priest hits you but does no damage.
The orc priest closely misses you.
You hit the orc priest but do no damage.
You claw the orc priest, but do no damage.
The orc priest hits you but does no damage.
You barely miss the orc priest. Your kick misses the orc priest.
The orc priest hits you with a +0 club.
You hit the orc priest but do no damage.
Your kick misses the orc priest.
The orc priest mumbles some strange prayers to Beogh against you.
Beogh smites you!
* * * LOW HITPOINT WARNING * * *
A red film seems to cover your vision as you go berserk!
You feel yourself moving faster!
You feel mighty!
The orc priest looks braver for a moment.
You slash the orc priest! Your kick misses the orc priest.
The orc priest is heavily wounded.
You slash the orc priest!
You kill the orc priest!
Trog accepts your kill.
You have reached level 6!
You slash the adder!
You kill the adder!
Trog accepts your kill.
You slam the door shut with a bang, pushing everything out of the way!
You hear an angry hiss.
You feel a strong urge to attack something.
You feel your anger nearly subside.
You are no longer berserk.
You are exhausted.
You feel yourself slow down.
Something unseen opens the door.
Things that are here:
a +0 hand axe; a +0 leather armour You start resting.
You feel yourself speed up.
You start resting.
You recover from your berserk rage.
Unknown command.
HP restored.
A rat comes into view.
Found a brass wand and 2 gold pieces.
A rat is nearby!
A rat is nearby!
Found a spear.
You see here a wand of iceblast (15).
The rat bites you but does no damage.
You hit the rat but do no damage. Your kick misses the rat. You peck the rat.
You kill the rat!
Trog accepts your kill.
No target in view!
No target in view!
You now have 160 gold pieces (gained 2).
s - a wand of iceblast (15)
You see here a +0 spear.
Found a sling.
You now have 168 gold pieces (gained 8).
A rat comes into view.
The rat bites you but does no damage.
You hit the rat.
You kill the rat!
Trog accepts your kill.
No target in view!
There's nothing to close nearby.
Okay, then.
You now have 175 gold pieces (gained 7).
A worm comes into view.
A worm is nearby!
A worm is nearby!
A worm is nearby!
The worm barely misses you.
You barely miss the worm. The worm closely misses you.
You slash the worm! You claw the worm.
You kill the worm!
Trog accepts your kill.
No target in view!
No target in view!
Search for what [Enter for "blade", or ? for help]? ranged You see here a +0 sling.
t - a +0 sling
Found an escape hatch in the ceiling.
An adder and a bat come into view.
The adder hisses angrily.
The adder moves out of view.
A bat is nearby!
Grinder and a kobold come into view.
The kobold is wielding a +0 dagger and quivering poisoned darts.
Found an escape hatch in the floor.
The adder bites you but does no damage. The adder bites you.
You are poisoned.
The adder poisons you!
You barely miss the adder. Your kick misses the adder.
You feel sick.
The bat hits you but does no damage. x2; Grinder blinks!
The adder barely misses you.
You feel sick. The bat closely misses you.
You feel sick. The bat hits you but does no damage. The bat barely misses you.
You feel sick.
You are no longer poisoned.
The bat attacks as you move away! The bat closely misses you.
The bat barely misses you. The bat hits you but does no damage.
The adder attacks as you move away! The adder closely misses you.
The bat hits you but does no damage. The adder attacks as you move away!
The adder barely misses you. The bat hits you but does no damage. x2
The bat closely misses you.
Grinder blinks!
The bat closely misses you.
There is an escape hatch in the ceiling here.
The bat barely misses you. The bat misses you.
A mysterious force pulls you upwards. The hatch slams shut behind you.
No target in view!
Unknown command.
There is a stone staircase leading down here.
You fly downwards.
Level annotation: Grinder
There is a stone staircase leading up here.
A kobold is nearby!
You can't go down here!
Unknown command.
Things that are here:
a +0 scale mail; a +0 club; a +0 ring mail You're already wearing that object!
Things that are here:
a +0 scale mail; a +0 club; a +0 ring mail The kobold throws a poisoned dart.
The poisoned dart barely misses you.
There is a stone staircase leading up here.
You start waiting.
A kobold is nearby!
You hit the kobold. You claw the kobold, but do no damage.
You peck the kobold, but do no damage.
The kobold is moderately wounded.
The kobold closely misses you.
You barely miss the kobold. Your kick misses the kobold.
Your peck misses the kobold.
The kobold is moderately wounded.
The kobold hits you but does no damage.
You hit the kobold but do no damage. Your peck misses the kobold.
The kobold is moderately wounded.
The kobold hits you but does no damage.
You barely miss the kobold. You claw the kobold.
You kill the kobold!
Trog accepts your kill.
No target in view!
Items here: ( ) [ †.
u - 5 poisoned darts Unknown command.
There is a stone staircase leading down here.
You fly downwards.
The gnoll shouts! x2; The orc shouts!
You hear a shout!
Found a bubbling black potion and 16 gold pieces.
Found a stone staircase leading up.
There is a stone staircase leading up here.
A hobgoblin comes into view.
The hobgoblin shouts!
A gnoll comes into view. It is wielding a +0 halberd.
The orc barely misses you.
You fly upwards.
Level annotation: Grinder
There is a stone staircase leading down here.
You slash the orc!
You kill the orc!
Trog accepts your kill.
There is a stone staircase leading down here.
You fly downwards.
There is a stone staircase leading up here.
The hobgoblin shouts!
The gnoll shouts!
There is a stone staircase leading up here.
You start waiting.
A gnoll is nearby!
The gnoll hits you with a +0 halberd!
You slash the gnoll! You claw the gnoll. You peck the gnoll.
You kill the gnoll!
Trog accepts your kill.
You closely miss the hobgoblin. Your kick misses the hobgoblin.
You peck the hobgoblin.
The hobgoblin is severely wounded.
The hobgoblin hits you but does no damage.
You hit the hobgoblin.
You kill the hobgoblin!
Trog accepts your kill.
There is a stone staircase leading up here.
You fly upwards.
Level annotation: Grinder
There is a stone staircase leading down here.
You start resting.
Grinder is nearby!
You fly downwards.
The gnoll shouts!
There is a stone staircase leading up here.
Found a stone staircase leading down.
The gnoll shouts!
The gnoll barely misses you.
An orc comes into view. It is wielding a +0 hand axe.
The gnoll hits you but does no damage.
There is a stone staircase leading up here.
The gnoll hits you from afar with a +0 halberd!
The orc drinks a potion.
The orc seems to speed up.
You fly upwards.
Level annotation: Grinder
There is a stone staircase leading down here.
You start resting.
An adder is nearby!
You swing at nothing.
You hit the adder. Your kick misses the adder.
The adder is lightly wounded.
The adder barely misses you. x2
You miss the adder. Your kick misses the adder.
The adder is lightly wounded.
The adder bites you but does no damage.
You barely miss the adder. You claw the adder.
The adder is heavily wounded.
The adder bites you but does no damage. The adder barely misses you.
You closely miss the adder. You peck the adder.
You kill the adder!
Trog accepts your kill.
You swing at nothing.
You start resting.
HP restored.
Unknown command.
A ball python comes into view.
The ball python hisses angrily.
You slash the ball python!
You kill the ball python!
Trog accepts your kill.
Things that are here:
a +0 leather armour; a +0 hand axe The orc shouts!
The orc complains repeatedly.
There is an open door, spattered with blood here.
You see here a +0 chain mail.
You slash the orc!
You kill the orc!
Trog accepts your kill.
You now have 183 gold pieces (gained 8).
There is an open door, spattered with blood here.
You see here a +0 short sword.
You see here a +0 club.
You see here a +0 robe.
Found a white marble altar of Elyvilon.
Found a glowing golden altar of the Shining One.
You see here a +0 club.
There is an open door, spattered with blood here.
You see here a +0 short sword.
Things that are here:
a +0 leather armour; a +0 hand axe
There is a stone staircase leading down here.
Unknown command.
There is a stone staircase leading up here.
You see here a +0 club.
There is a stone staircase leading down here.
You fly downwards.
There is a stone staircase leading up here.
The gnoll hits you with a +0 flail. The gnoll barely misses you.
You fly upwards.
Level annotation: Grinder
There is a stone staircase leading down here.
You hit the gnoll. Your kick misses the gnoll. You peck the gnoll.
The gnoll is heavily wounded.
The gnoll misses you.
You hit the gnoll but do no damage. Your kick misses the gnoll.
The gnoll is heavily wounded.
The gnoll barely misses you.
You hit the gnoll but do no damage. Your peck misses the gnoll.
The gnoll is heavily wounded.
The gnoll hits you with a +0 flail.
You closely miss the gnoll.
The gnoll is heavily wounded.
The gnoll barely misses you.
You hit the gnoll. You claw the gnoll.
The gnoll is almost dead.
The gnoll barely misses you. x2
You completely miss the gnoll. Your peck misses the gnoll.
The gnoll is severely wounded.
The gnoll closely misses you.
You hit the gnoll.
You kill the gnoll!
Trog accepts your kill.
No target in view!
No target in view!
Things that are here:
a +0 flail; a gnoll corpse Unknown command.
Grinder shouts!
Press: ? - help, v - describe, . - travel
Here: Grinder The floor.
Unknown command.
Unknown command.
Unknown command.
Okay, then.
Okay, then.
Press: ? - help, v - describe, . - travel
Here: Grinder The floor.
Unknown command.
Unknown command.
Unknown command.
You start resting.
Grinder is nearby!
Grinder drinks a potion.
Grinder seems to grow stronger.
A red film seems to cover your vision as you go berserk!
You feel yourself moving faster!
You feel mighty!
Grinder blinks!
You feel a strong urge to attack something.
You feel your anger nearly subside.
You are no longer berserk.
You are exhausted.
You feel yourself slow down. Grinder closely misses you.
You barely miss Grinder. You peck Grinder.
Grinder is lightly wounded.
The bat barely misses you. x2; Grinder hits you!
You writhe in agony.
Your skin crawls.
You feel strong-willed.
The bat closely misses you. x2; Grinder hits you.
You writhe in agony.
The bat hits you but does no damage.
Grinder says, "DUCK!"
Grinder hits you!
* * * LOW HITPOINT WARNING * * *
You writhe in agony.
* * * LOW HITPOINT WARNING * * *
Okay, then.
You feel very mighty all of a sudden. The bat closely misses you.
The bat barely misses you. Grinder closely misses you.
You hit Grinder. You claw Grinder!
Grinder is heavily wounded.
The bat closely misses you. Grinder closely misses you.
Grinder barely misses you.
You hit Grinder. You claw Grinder.
Grinder is severely wounded.
The bat barely misses you. The bat closely misses you. Grinder hits you.
* * * LOW HITPOINT WARNING * * *
You writhe in agony.
* * * LOW HITPOINT WARNING * * *
You barely miss Grinder. You claw Grinder!
Grinder is almost dead.
The bat barely misses you. The bat closely misses you.
Grinder barely misses you. Grinder gestures at you.
You resist with almost no effort. The bat closely misses you.
You closely miss Grinder. Your kick misses Grinder.
Grinder is almost dead.
The bat completely misses you.
Grinder says, "Don't move a muscle."
Grinder hits you.
* * * LOW HITPOINT WARNING * * *
You writhe in agony.
You die...

.....# #.............5........
#.
####.###[####.#>####.##.####.#
.. ...#.....# #.#.####.# ..
##.###.### #..#.....# #.# #.#
#.###....# #.# #.# ##.#.....#
#.###.# ##......# #.....#
##...#.#.#
############...@5...#
##.............#.#.#.#
...###########.#.....# ####
#.###b### #.# .# #.# . #.. ..
### .#


You could see Grinder (strong) and a bat.

Vanquished Creatures
  2 orc priests (D:3)
  Crazy Yiuf (D:2)
  Ijyb (D:3)
  Terence (D:2)
  2 gnolls
  6 adders
  3 worms
  5 orcs (D:3)
  7 ball pythons
  4 bats
  2 endoplasms
  4 giant cockroaches
  6 goblins
  9 hobgoblins
  4 jackals (D:3)
  A quokka (D:1)
  2 frilled lizards (D:3)
  8 kobolds
  5 rats
73 creatures vanquished.

Notes
Turn   | Place    | Note
-------+----------+-------------------------------------------
     0 | D:1      | sleeves the Tengu Berserker began the quest for the Orb.
     0 | D:1      | Reached XP level 1. HP: 14/14 MP: 2/2
    28 | D:1      | sleeves: think dex sword build
   188 | D:1      | Reached XP level 2. HP: 19/19 MP: 3/3
   206 | D:1      | Found a faded altar of an unknown god.
   236 | D:1      | Reached skill level 4 in Long Blades
   836 | D:1      | Reached XP level 3. HP: 19/23 MP: 4/4
  1207 | D:2      | CougarLife: dex sword
  1208 | D:2      | CougarLife: with trog
  1211 | D:2      | CougarLife: interesting idea
  1212 | D:2      | sleeves: well tengu get the EV bonus
  1212 | D:2      | sleeves: ill be stealthy
  1212 | D:2      | CougarLife: they certainly do
  1212 | D:2      | sleeves: but deadly
  1228 | D:2      | Noticed Terence
  1236 | D:2      | Killed Terence
  1237 | D:2      | Reached skill level 5 in Long Blades
  1237 | D:2      | Reached XP level 4. HP: 28/28 MP: 5/5
  1369 | D:3      | Reached ** piety under Trog
  1488 | D:3      | Noticed Ijyb
  1490 | D:3      | CougarLife: flame wand
  1497 | D:3      | Killed Ijyb
  1498 | D:3      | CougarLife: spooky
  1542 | D:3      | sleeves: zerk
  1542 | D:3      | sleeves: op
  1744 | D:2      | Reached skill level 6 in Long Blades
  1889 | D:2      | Found a runed translucent door.
  1890 | D:2      | Noticed Crazy Yiuf
  1972 | D:2      | Gained mutation: Your magical nature lets you fly swiftly
                  | and evasively. [Tengu growth]
  1972 | D:2      | Reached XP level 5. HP: 26/32 MP: 6/6
  2364 | D:2      | Killed Crazy Yiuf
  2574 | D:3      | Reached skill level 7 in Long Blades
  2602 | D:3      | HP: 14/32 [orc priest/divine providence (13)]
  2606 | D:3      | Reached XP level 6. HP: 24/37 MP: 7/7
  2862 | D:3      | sleeves: trog gifts ranged right
  2885 | D:3      | Noticed Grinder
  3222 | D:3      | Found a white marble altar of Elyvilon.
  3234 | D:3      | Found a glowing golden altar of the Shining One.
  3313 | D:4      | CougarLife: uhh lemme check
  3347 | D:3      | CougarLife: wiki just says weapons
  3349 | D:3      | HP: 10/37 [Grinder (9)]
  3350 | D:3      | sleeves: shit
  3350 | D:3      | sleeves: grinder fucked m
  3350 | D:3      | CougarLife: Trog will only gift weapons with the
                  | antimagic, flaming, vorpal, or speed brands
  3352 | D:3      | HP: 3/37 [Grinder (3)]
  3354 | D:3      | Slain by Grinder

Illustrated notes

Levels and vault maps discovered:
D:1:      lordsloth_arrival_two_stooges, layout_loops_ring,
          hellmonk_ecumenical_altar_run_dry, minmay_close_crescents
D:2:      layout_loops_ring, uniq_crazy_yiuf_cottage, uniq_terence
D:3:      layout_loops_ring, mainiacjoe_overflow_swirl, minmay_vboxes,
          uniq_ijyb, uniq_grinder
D:4:      minmay_wonky_spiral, layout_rooms, minmay_temple_entry_gardened_gates

Skill      XL: |  1  2  3  4  5 |
---------------+----------------+-----
Long Blades    | 4 5 6 7 |  7.2
Fighting       | |  3.2
Armour         | |  2.6
Dodging        | |  2.5

Action                   |  1- 3 |  4- 6 || total
-------------------------+-------+-------++-------
Melee: Falchion          |    30 |       ||    30
       Kick              |    13 |    32 ||    45
       Peck              |     7 |    18 ||    25
       Long sword        |    25 |   117 ||   142
Invok: Berserk           |     1 |     4 ||     5
       Trog's Hand       |       |     1 ||     1
  Use: Potion            |       |     1 ||     1
Armor: Ring mail         |    17 |       ||    17
       Scale mail        |       |    37 ||    37
Dodge: Dodged            |    27 |    77 ||   104
